AoeStats
← Kurmit

Arabia

507121746Analyzed
1v1 RM · 16d ago on Sep 16, 2026· 14m 8s· 2 players
Game mode
Random Map
Map size
Tiny (2 player)
Population
200
Speed
Normal
Resources
Standard
Victory
Conquest
Starting age
Dark Age
Ending age
Imperial Age
RankedLock teamsTeams togetherTeam positionsShared explorationLock speedFull tech treeHidden civsTurbo modeCheats
Victory
Defeat
🇭🇰 Magyars · Hong Kong SAR China
1411
+14
🇸🇪 Burgundians · Sweden
1377
-14
Kurmit
3:40 Double-Bit Axe
7:31 Loom
9:45 Feudal Age
10:39 Bow Saw
12:14 Horse Collar
吉大大
6:26 Loom
9:07 Feudal Age
9:35 Double-Bit Axe
Connection lost

Rejoining the realm…

Still unreachable

The connection could not be restored.

Session expired

The server has moved on; the page needs a fresh start.